Map: [ESL] Goldenaura

Players

Wayne

  • Race: Zerg Zerg
  • Spawn Location: 5:00

Reynor - Winner!

  • Race: Protoss Protoss
  • Spawn Location: 12:00

Event: ESL SC2 Masters 2024 Spring (Regional)

VOD

Have the link to the VOD?

Description

Time

  • Played on: May 3, 2024, 9:27 a.m.
  • Length: 18:33

All games in this series

Show
View Real Time Build Order
Export as new Build Order

Wayne Zerg 

Build Orders: Hatch First, Lurkers 

Get SALT Encoding   

  12  0:00  Drone  
  13  0:12  Overlord  
  13  0:17  Drone  
  14  0:30  Drone x2  
  16  0:48  Hatchery  
  15  0:51  Drone  
  15  0:55  Drone  
  17  0:58  Drone  
  18  1:09  Extractor  
  17  1:14  Spawning Pool  
  17  1:17  Drone  
  17  1:21  Drone  
  18  1:28  Drone  
  19  1:38  Drone  
  20  1:48  Drone  
  21  2:01  Zergling x2, Queen x2  
  21  2:02  Overlord  
  26  2:10  Drone  
  26  2:12  Drone  
  26  2:13  Metabolic Boost  
  28  2:22  Zergling x2  
  29  2:23  Drone  
  30  2:34  Hatchery  
  29  2:37  Drone  
  29  2:40  Drone  
  31  2:45  Queen  
  31  2:50  Overlord  
  33  2:53  Drone  
  33  2:55  Drone  
  33  2:57  Drone  
  36  3:08  Overlord, Queen  
  36  3:12  Drone x2  
  40  3:14  Drone  
  40  3:16  Drone  
  40  3:18  Drone  
  40  3:19  Drone  
  44  3:27  Queen  
  44  3:29  Drone x2  
  44  3:31  Spore Crawler  
  47  3:36  Drone x2  
  47  3:39  Drone x2  
  47  3:40  Drone  
  52  3:47  Queen  
  54  3:49  Overlord  
  54  3:52  Drone x2  
  54  3:54  Drone  
  57  3:56  Drone  
  57  3:59  Overlord  
  57  4:02  Spore Crawler  
  57  4:03  Drone  
  57  4:08  Drone x3  
  57  4:09  Drone  
  62  4:11  Drone  
  62  4:17  Overlord  
  63  4:19  Evolution Chamber, Drone x3  
  63  4:21  Drone  
  63  4:22  Drone  
  67  4:25  Zergling x2  
  67  4:28  Zergling x6  
  71  4:38  Drone, Hatchery  
  71  4:40  Drone x3  
  71  4:44  Zerg Melee Weapons Level 1  
  71  4:45  Lair  
  74  4:49  Spore Crawler  
  74  4:52  Extractor x2  
  71  4:53  Drone  
  71  4:55  Overlord  
  71  4:59  Drone x6  
  72  5:02  Drone x2  
  71  5:08  Drone x3  
  71  5:10  Drone  
  71  5:13  Overlord  
  75  5:14  Drone x2  
  75  5:18  Extractor  
  75  5:19  Drone x2, Extractor  
  77  5:22  Drone x2  
  77  5:25  Overlord, Extractor  
  77  5:27  Drone x2  
  80  5:34  Drone x2  
  77  5:35  Drone  
  76  5:45  Drone  
  76  5:46  Zergling x14  
  76  5:47  Spire  
  83  5:50  Roach Warren, Drone  
  83  5:56  Zergling x10  
  88  6:05  Overlord  
  88  6:07  Zergling x4  
  88  6:11  Overlord  
  90  6:13  Overlord  
  90  6:18  Zergling x22  
  99  6:24  Drone x2  
  99  6:25  Extractor  
  100  6:26  Extractor  
  100  6:27  Overlord  
  100  6:29  Drone  
  100  6:32  Overlord  
  100  6:34  Drone  
  101  6:41  Overlord  
  101  6:46  Drone x2  
  101  6:47  Drone  
  102  6:50  Overlord  
  102  6:53  Drone x2  
  104  7:00  Mutalisk x10  
  123  7:04  Drone  
  123  7:05  Zerg Flyer Weapons Level 1  
  124  7:11  Mutalisk  
  124  7:14  Hatchery  
  125  7:18  Drone x3  
  125  7:19  Mutalisk  
  130  7:22  Drone  
  130  7:23  Drone  
  131  7:30  Overlord  
  131  7:32  Mutalisk x3  
  131  7:35  Drone x3  
  140  7:40  Drone x6  
  140  7:42  Overlord  
  140  7:43  Mutalisk  
  148  7:47  Overlord  
  148  7:49  Zerg Melee Weapons Level 2  
  148  7:50  Extractor  
  147  7:52  Extractor  
  147  7:54  Overlord  
  147  7:56  Overlord  
  146  7:58  Overlord  
  146  8:02  Mutalisk x3  
  146  8:04  Drone x2  
  152  8:07  Mutalisk  
  154  8:14  Mutalisk x2  
  154  8:19  Overlord  
  158  8:21  Drone x2  
  158  8:23  Drone  
  158  8:24  Drone x2  
  158  8:26  Infestation Pit  
  162  8:28  Hydralisk Den  
  162  8:29  Mutalisk  
  162  8:30  Hatchery  
  162  8:31  Drone x2  
  162  8:32  Drone  
  165  8:38  Mutalisk x2  
  165  8:40  Drone  
  165  8:41  Drone  
  169  8:44  Spine Crawler  
  169  8:45  Spine Crawler  
  167  8:56  Mutalisk x5  
  169  9:04  Zerg Flyer Weapons Level 2  
  169  9:08  Hive  
  167  9:10  Zergling x22  
  167  9:15  Overlord  
  167  9:16  Overlord  
  172  9:21  Zergling x18  
  172  9:24  Lurker Den  
  180  9:29  Drone x3  
  183  9:32  Overlord  
  183  9:36  Hydralisk  
  183  9:37  Hydralisk x3  
  183  9:38  Evolution Chamber  
  190  9:42  Overlord  
  190  9:46  Muscular Augments  
  190  9:47  Hydralisk x3  
  190  9:49  Overseer  
  190  10:13  Overlord  
  184  10:21  Adaptive Talons  
  184  10:24  Spine Crawler  
  184  10:25  Zerg Melee Weapons Level 3, Zerg Missile Weapons Level 1  
  184  10:26  Spine Crawler  
  184  10:27  Lurker x7  
  187  10:28  Overseer  
  187  10:31  Hydralisk x6  
  187  10:34  Spine Crawler  
  198  10:42  Spine Crawler  
  197  10:43  Spine Crawler x2  
  197  10:45  Pneumatized Carapace  
  195  10:50  Grooved Spines  
  195  10:52  Hydralisk x2  
  195  10:55  Overseer  
  199  11:16  Hydralisk x2  
  198  11:19  Lurker  
  199  11:35  Lurker x2  
  199  11:36  Seismic Spines  
  199  11:41  Spine Crawler x2, Extractor  
  199  11:42  Overseer, Overlord, Extractor  
  199  11:43  Lurker x4  
  199  11:44  Spine Crawler  
  198  11:47  Drone  
  198  11:50  Drone  
  198  11:53  Lurker x3  
  190  12:11  Hydralisk x9  
  193  12:20  Hatchery  
  180  12:23  Hydralisk  
  180  12:24  Hydralisk x9  
  190  12:31  Overseer x4, Zerg Missile Weapons Level 2  
  190  12:33  Hydralisk x5  
  198  12:37  Lurker  
  199  12:44  Lurker  
  200  12:53  Overseer  
  200  13:02  Zerg Ground Armor Level 1  
  197  13:07  Lurker  
  197  13:08  Lurker  
  191  13:12  Hydralisk  
  191  13:13  Hydralisk x3  
  191  13:14  Lurker  
  191  13:16  Overlord  
  193  13:22  Hydralisk x4  
  193  13:24  Lurker  
  193  13:25  Lurker  
  195  13:28  Lurker  
  195  13:29  Lurker x8  
  196  13:34  Zergling x8  
  194  13:49  Hydralisk x4  
  194  13:52  Lurker x6  
  193  13:57  Zergling x18  
  190  14:10  Zergling x16  
  190  14:12  Lurker  
  190  14:13  Overseer  
  195  14:20  Zergling x16  
  195  14:24  Lurker x5  
  184  14:26  Hydralisk x5  
  198  14:38  Hydralisk x2, Zergling x2  
  200  14:50  Zerg Missile Weapons Level 3  
  199  14:59  Hydralisk x3  
  192  15:07  Hydralisk  
  192  15:08  Hydralisk x2  
  194  15:18  Hydralisk x4, Overlord  
  194  15:19  Overseer x3  
  199  15:22  Zerg Flyer Weapons Level 3  
  199  15:25  Viper x2  
  187  15:32  Corruptor x8  
  194  15:38  Drone  
  194  15:39  Drone  
  194  15:42  Corruptor x3  
  192  15:45  Zergling x2  
  199  15:50  Extractor  
  199  15:53  Extractor  
  199  15:54  Spire  
  199  15:57  Overseer  
  196  16:03  Corruptor  
  196  16:04  Corruptor  
  196  16:06  Overseer  
  196  16:10  Overseer  
  200  16:16  Zerg Ground Armor Level 2  
  200  16:23  Spore Crawler  
  200  16:25  Spine Crawler, Spore Crawler, Drone x2  
  199  16:26  Spine Crawler, Spore Crawler  
  199  16:27  Spore Crawler  
  191  16:37  Lurker x6  
  194  16:57  Corruptor x3  
  172  17:09  Corruptor x6  
  172  17:16  Overlord  
  165  17:25  Corruptor x3  
  165  17:26  Corruptor x3  
  165  17:27  Lurker  
  165  17:28  Lurker x3  
  181  17:37  Corruptor x2  
  181  17:43  Corruptor  
  187  17:58  Hydralisk x5  
  180  18:13  Overlord  
Show
View Real Time Build Order
Export as new Build Order

Reynor Protoss - Winner!

Build Orders: 1 Gate Expand, Oracle Opening 

Get SALT Encoding   

  12  0:00  Probe  
  13  0:12  Probe  
  14  0:17  Pylon  
  14  0:24  Probe  
  15  0:37  Probe  
  15  0:39  Gateway  
  16  0:44  Assimilator  
  16  0:49  Probe (Chrono Boost)  
  17  0:58  Probe (Chrono Boost)  
  17  1:03  Probe (Chrono Boost)  
  19  1:15  Probe  
  20  1:26  Nexus  
  20  1:36  Cybernetics Core  
  20  1:40  Probe  
  21  1:47  Assimilator  
  21  1:52  Probe  
  22  1:57  Pylon  
  22  2:04  Probe  
  23  2:13  Adept (Chrono Boost)  
  25  2:17  Stargate  
  25  2:20  Probe  
  26  2:30  Warp Gate  
  26  2:34  Probe (Chrono Boost)  
  26  2:35  Adept  
  29  2:38  Probe (Chrono Boost)  
  30  2:48  Probe (Chrono Boost)  
  30  2:49  Probe (Chrono Boost)  
  32  2:53  Probe (Chrono Boost)  
  32  2:56  Probe  
  34  3:00  Oracle (Chrono Boost)  
  37  3:05  Probe  
  37  3:08  Probe  
  39  3:12  Gateway  
  39  3:17  Probe  
  40  3:20  Probe  
  41  3:30  Probe  
  42  3:35  Pylon  
  42  3:38  Nexus  
  42  3:42  Oracle (Chrono Boost)  
  42  3:48  Probe  
  46  3:53  Probe  
  47  3:59  Pylon  
  47  4:01  Twilight Council, Probe (Chrono Boost)  
  48  4:06  Probe (Chrono Boost)  
  48  4:09  Assimilator  
  49  4:13  Oracle  
  54  4:18  Probe x2 (Chrono Boost)  
  54  4:19  Adept  
  54  4:22  Assimilator  
  54  4:23  Probe (Chrono Boost), Adept  
  58  4:25  Probe  
  58  4:28  Pylon  
  60  4:34  Blink (Chrono Boost)  
  60  4:35  Probe  
  61  4:43  Probe  
  61  4:44  Gateway  
  62  4:45  Gateway  
  62  4:51  Probe  
  63  5:02  Probe (Chrono Boost)  
  63  5:06  Stalker x2  
  63  5:07  Probe (Chrono Boost)  
  66  5:10  Probe (Chrono Boost)  
  67  5:19  Probe x2 (Chrono Boost), Shield Battery  
  69  5:23  Forge, Probe (Chrono Boost)  
  69  5:24  Robotics Facility, Probe (Chrono Boost)  
  70  5:35  Stalker, Probe  
  71  5:36  Stalker  
  71  5:37  Probe  
  71  5:38  Probe  
  77  5:43  Stalker x2  
  77  5:47  Probe  
  77  5:49  Protoss Ground Weapons Level 1 (Chrono Boost)  
  82  5:51  Probe  
  82  5:52  Probe  
  82  5:53  Pylon  
  84  5:59  Probe  
  84  6:00  Shield Battery  
  85  6:11  Probe x3  
  87  6:17  Observer  
  88  6:18  Stalker  
  88  6:19  Stalker  
  88  6:20  Assimilator  
  88  6:22  Assimilator  
  88  6:24  Pylon  
  93  6:32  Templar Archives  
  93  6:37  Nexus  
  93  6:38  Pylon  
  93  6:42  Probe x3  
  93  6:46  Nexus  
  96  6:54  Probe  
  97  6:55  Psionic Storm  
  97  6:56  Gateway  
  97  6:57  Probe  
  97  7:00  Probe  
  97  7:01  Stalker x4  
  104  7:06  Probe  
  107  7:10  Photon Cannon, Gateway  
  107  7:12  Shield Battery  
  107  7:13  Photon Cannon, Gateway  
  107  7:14  Pylon  
  107  7:15  Pylon  
  107  7:27  High Templar  
  109  7:32  Immortal, Photon Cannon  
  109  7:34  High Templar x2  
  117  7:37  High Templar, Shield Battery  
  117  7:39  Pylon, Photon Cannon  
  117  7:40  Probe  
  117  7:41  Probe  
  117  7:42  Probe  
  122  7:45  Phoenix (Chrono Boost)  
  122  7:50  Photon Cannon  
  124  7:53  Probe  
  124  7:56  Probe  
  118  7:59  Probe  
  118  8:00  Probe  
  118  8:01  Phoenix (Chrono Boost)  
  118  8:04  Shield Battery  
  121  8:06  High Templar x2  
  121  8:07  Probe  
  126  8:15  Probe x3  
  126  8:16  Archon  
  128  8:21  Probe  
  128  8:25  Stalker x4  
  137  8:27  Probe  
  137  8:28  Photon Cannon  
  137  8:33  Probe x2  
  140  8:35  Phoenix (Chrono Boost)  
  140  8:39  Protoss Ground Weapons Level 2 (Chrono Boost), Probe x2  
  144  8:43  Pylon  
  144  8:46  Pylon  
  144  8:47  High Templar  
  146  8:48  Probe  
  146  8:49  Probe  
  148  8:56  Assimilator  
  148  8:58  Pylon  
  148  8:59  Probe x2  
  148  9:00  Assimilator  
  148  9:01  Probe  
  148  9:02  Probe  
  148  9:04  Phoenix (Chrono Boost)  
  142  9:11  Probe  
  142  9:13  Stalker x4, Probe  
  142  9:14  Stalker  
  142  9:15  Probe  
  142  9:16  Probe  
  150  9:22  Stalker  
  150  9:23  Probe  
  149  9:24  Photon Cannon  
  149  9:31  Immortal, Shield Battery  
  153  9:32  Probe  
  153  9:38  Photon Cannon  
  153  9:39  Photon Cannon  
  153  9:40  High Templar x2  
  153  9:42  Shield Battery  
  157  9:45  High Templar  
  157  9:46  Photon Cannon  
  157  9:49  Shield Battery  
  157  9:50  Archon  
  159  9:58  Stalker x3  
  162  10:00  Probe x2  
  162  10:02  Pylon  
  162  10:12  Probe x2  
  162  10:14  Immortal  
  168  10:16  Forge  
  168  10:17  Stalker x3  
  168  10:19  Pylon  
  172  10:23  Photon Cannon x2  
  172  10:25  Assimilator  
  172  10:26  High Templar x2  
  176  10:30  High Templar  
  176  10:31  Pylon  
  176  10:33  Archon  
  178  10:43  Gateway x2  
  178  10:45  High Templar x2  
  182  10:51  Archon, Protoss Ground Armor Level 1 (Chrono Boost), Gateway  
  182  10:53  Immortal  
  182  10:55  Gateway  
  182  10:56  Pylon  
  186  11:00  Photon Cannon  
  186  11:02  Photon Cannon  
  185  11:09  Robotics Facility  
  181  11:19  Protoss Ground Weapons Level 3 (Chrono Boost)  
  181  11:21  Stalker x5  
  188  11:26  Shield Battery  
  188  11:28  Shield Battery  
  188  11:29  Pylon  
  188  11:32  Probe x2  
  189  11:34  Observer (Chrono Boost)  
  190  11:48  Photon Cannon  
  190  11:49  Photon Cannon  
  190  11:50  Fleet Beacon  
  190  11:58  Immortal x2 (Chrono Boost)  
  198  12:03  Nexus  
  198  12:04  Pylon  
  198  12:13  Charge  
  198  12:20  Pylon  
  198  12:22  Nexus  
  196  12:26  Photon Cannon  
  196  12:28  Photon Cannon  
  196  12:29  Photon Cannon  
  196  12:31  Photon Cannon  
  196  12:32  High Templar, Photon Cannon  
  196  12:33  Observer (Chrono Boost), Shield Battery  
  196  12:35  Shield Battery  
  199  12:37  Protoss Shields Level 1 (Chrono Boost)  
  199  12:42  Photon Cannon  
  199  12:46  Stargate  
  199  12:48  Pylon  
  199  12:50  Stargate  
  199  12:54  Protoss Air Weapons Level 1 (Chrono Boost)  
  199  12:57  Photon Cannon  
  199  13:01  Photon Cannon  
  199  13:17  Zealot x2  
  200  13:26  Stalker  
  199  13:34  Photon Cannon  
  199  13:36  Photon Cannon  
  199  13:38  Photon Cannon  
  199  13:39  Photon Cannon  
  199  13:42  Assimilator  
  199  13:43  Photon Cannon  
  199  13:44  Shield Battery  
  199  13:48  Shield Battery  
  187  13:57  Carrier x2 (Chrono Boost)  
  197  14:04  Assimilator  
  197  14:06  Protoss Ground Armor Level 2  
  197  14:14  High Templar  
  193  14:24  High Templar x2  
  185  14:26  Immortal x2  
  195  14:43  Gateway  
  195  14:45  Gateway  
  195  14:46  Shield Battery  
  195  14:47  Gateway  
  195  14:48  Shield Battery  
  195  14:49  Protoss Air Weapons Level 2 (Chrono Boost), Gateway  
  199  15:14  Carrier x2 (Chrono Boost)  
  193  15:27  High Templar x6  
  193  15:28  Carrier (Chrono Boost)  
  180  15:29  Mothership (Chrono Boost)  
  180  15:32  Probe (Chrono Boost)  
  180  15:34  Probe (Chrono Boost)  
  192  15:49  Nexus  
  192  15:50  Pylon  
  192  15:52  Photon Cannon, Nexus  
  192  15:53  High Templar x3, Photon Cannon  
  192  15:54  Photon Cannon  
  192  15:55  Pylon  
  192  15:56  Pylon  
  198  15:58  Archon x2  
  198  15:59  Archon  
  198  16:00  Observer x2  
  200  16:11  Cybernetics Core  
  200  16:13  Pylon, Photon Cannon  
  200  16:16  Photon Cannon  
  200  16:19  Photon Cannon  
  200  16:21  Photon Cannon  
  200  16:22  Photon Cannon  
  200  16:24  Shield Battery  
  200  16:26  Photon Cannon  
  182  17:18  High Templar x3  
  182  17:19  High Templar  
  182  17:22  Probe x4  
  194  17:23  Assimilator, Probe x2  
  194  17:27  Archon  
  194  17:28  Archon  
  196  17:30  High Templar  
  196  17:31  High Templar  
  200  17:42  Observer  
  182  18:29  Assimilator  
  182  18:32  Assimilator  
Tags
 
Add a new tag
Caveats
  • Supply blocks, unpowered buildings, or Contaminate may cause inaccurate times.
  • Supply counts are checked every 10 seconds.